cohdb
Replays
Latest Replays
All Replays
Popular Replays
Top Player Replays
Match Explorer
How It Works
Community
CoH3 Stats
Reddit
Sign in to upload your games and track your stats! →
Sign in with Steam
Match 43916680
Unlisted
Match 43916680
Overview
Messages
Build Orders
End
Royal Engineer Section
Construct Section Command Post
Dingo Light Scout Car
Infantry Section
Infantry Section
Vickers Machine Gun Team
Construct Platoon Command Post
Humber Armored Car
Selects Canadian Shock Battlegroup
Selects Offensive Resupply
Infantry Section
Selects Incendiary Munitions
Infantry Section
Construct Field Infirmary
Infantry Section
Rei
Barbarossa
0
0
Comments
sign in to comment!
No comments posted yet!